 Dungeon Crawl Stone Soup version 0.14-a0-2986-gd1872aa (webtiles) character file.

4723 Herrn the Grappler (level 10, -7/96 HPs)
             Began as a Troll Earth Elementalist on Mar 6, 2014.
             Mangled by a yak (17 damage)
             ... on Level 8 of the Dungeon.
             The game lasted 00:36:25 (7158 turns).

Herrn the Grappler (Troll Earth Elementalist)       Turns: 7158, Time: 00:36:25

HP  -7/96        AC  6     Str 18      XL: 10   Next: 11%
MP  14/14        EV 12     Int 11      God:
Gold 425         SH  0     Dex 13      Spells:  1 memorised, 15 levels left

rFire  . . .     SeeInvis .       - Unarmed
rCold  . . .     Clarity  .     B - +0 animal skin
rNeg   . . .     Conserve .     (shield restricted)
rPois  .         rCorr    .     (helmet restricted)
rElec  .         rRot     .     (no cloak)
SustAb . .       Spirit   .     (gloves unavailable)
rMut   .         Warding  .     (boots unavailable)
Gourm  +         Stasis   .     (no amulet)
MR     .....                    z - ring of sustenance
                                h - +1 ring of protection

@: about to teleport, hasted, very quick, not resistant to hostile enchantments,
unstealthy
A: unfitting armour, claws 3, fast metabolism 3, gourmand, regeneration 2,
saprovore 2, shaggy fur 1, tough skin 2
a: no special abilities


You were on level 8 of the Dungeon.
You were completely stuffed.

You visited 2 branches of the dungeon, and saw 9 of its levels.
You also visited: Sewer.

You collected 425 gold pieces.

Inventory:

Missiles
 b - 151 stones (quivered)
Armour
 B - a +0 animal skin (worn)
Magical devices
 D - a wand of lightning (0)
Comestibles
 a - 5 meat rations
 f - 2 apples
 i - a rotting chunk of quokka flesh
 j - 2 chunks of crocodile flesh
 k - 2 beef jerkies
 l - 2 rotting chunks of worker ant flesh
 m - 5 bread rations
 C - a chunk of porcupine flesh
 E - 9 cheeses
 F - 5 rotting chunks of hippogriff flesh
 G - 3 chunks of orc flesh
 H - a chunk of rat flesh
Scrolls
 e - 2 scrolls of identify
 n - 2 scrolls of enchant weapon II
 p - 3 scrolls of fear
 q - a scroll of fog
 r - 2 scrolls of random uselessness
 s - 3 scrolls of teleportation
 u - 3 scrolls of enchant armour
 v - 3 scrolls of remove curse
 y - a scroll of immolation
 A - a scroll of magic mapping
Jewellery
 h - a +1 ring of protection (left claw)
 o - an uncursed ring of sustain abilities
 z - a ring of sustenance (right claw)
 I - an uncursed ring of sustenance
Potions
 t - 2 potions of brilliance
 x - 3 potions of flight
Books
 d - a book of Geomancy

   Spells                             Type                      Level
   *Sandblast                         Earth                        1
   Stoneskin                          Transmutation/Earth          2
   Passwall                           Transmutation/Earth          3
   Stone Arrow                        Conjuration/Earth            3
   Petrify                            Transmutation/Earth          4
   Lee's Rapid Deconstruction         Earth                        5
 w - a book of Wizardry

   Spells                             Type                      Level
   Summon Elemental                   Summoning                    4
   Agony                              Necromancy                   5
   Force Lance                        Conjuration                  5
   Fireball                           Conjuration/Fire             5
   Haste                              Charms                       6
   Invisibility                       Hexes                        6


   Skills:
 * Level 5.1 Fighting
 * Level 4.4 Armour
 + Level 5.8 Dodging
 - Level 1.1 Stealth
 + Level 8.4 Unarmed Combat
 * Level 3.5 Spellcasting
   Level 0.6 Transmutations
 - Level 2.6 Earth Magic


You had 15 spell levels left.
You knew the following spells:

 Your Spells              Type           Power        Failure   Level  Hunger
a - Sandblast             Erth           #.....       10%         1    #......


Dungeon Overview and Level Annotations

Branches:
Dungeon (8/16)             Temple (1/1) D:7            Lair (0/8) D:8

Altars:
Ashenzari
Cheibriados
Dithmenos
Fedhas
Kikubaaqudgha
Makhleb
Nemelex Xobeh
Sif Muna
Trog
Vehumet
Xom
Yredelemnul
Zin
The Shining One

Shops:
D:7 :?(


Innate Abilities, Weirdness & Mutations

You are too large for most types of armour.
You have claws for hands.
Your metabolism is lightning-fast.
You like to eat raw meat.
You heal very quickly.
You can eat rotten meat.
You are covered in fur (AC +1).
You have very tough skin (AC +2).


Message History

The yak gores you!
As you read the scroll labeled MEPNEU PSIB, it crumbles to dust.
It is a scroll of enchant weapon I.
You aren't carrying any weapons that can be enchanted.
The yak gores you but does no damage. The yak gores you!
* * * LOW HITPOINT WARNING * * *
As you read the scroll of teleportation, it crumbles to dust.
You feel strangely unstable. The yak gores you!
* * * LOW HITPOINT WARNING * * *
The yak gores you!
* * * LOW HITPOINT WARNING * * *
You feel better. The yak gores you!
* * * LOW HITPOINT WARNING * * *
The yak gores you.
* * * LOW HITPOINT WARNING * * *
You feel better. The yak gores you!
* * * LOW HITPOINT WARNING * * *
The yak barely misses you.
You feel yourself speed up.
It was a potion of speed.
The yak gores you!
You die...

##.#%##....#.........
#.#.())....(.....####
#.#.##......)........
#......(......<....#.
#....................
#.......(.....$......
#...##..(...#.#..#.#.
#...'.......#Y#..#.#.#
#...#.b.....#@#..#.#.##
#...#.......#Y#.........
#...#........YY%........
#.......................
#####...#......$.♣.#.##.
#...#..♣♣......♣....
#...#...P.........(.
....#.....P.......#.
#♣...♣........#


You could see 4 yaks.

Vanquished Creatures
  The ghost of wojtek the Slicer, an experienced KoAs of Dithmenos (D:7)
  Prince Ribbit (D:5)
  4 yaks (D:8)
  A hippogriff (D:7)
  2 porcupines (D:8)
  3 sky beasts
  A human (D:7)
  6 ogres
  2 centaurs
  A giant frog (D:6)
  2 giant slugs (D:8)
  Sigmund (D:2)
  2 crocodiles (D:8)
  A hippogriff zombie (D:6)
  3 wights (D:6)
  3 crimson imps
  2 goliath beetles
  4 hounds
  An orc priest (D:3)
  A siren (Sewer)
  3 orc wizards
  3 iguanas
  A mermaid (Sewer)
  6 worker ants
  4 sheep (D:7)
  8 adders
  4 green rats
  4 worms
  5 giant mites
  A giant eyeball (D:3)
  An ooze (D:2)
  20 orcs
  A bat skeleton (D:7)
  9 giant cockroaches
  18 goblins
  13 hobgoblins
  7 quokkas
  4 ball pythons (Sewer)
  11 bats
  7 giant geckos
  A giant gecko skeleton (D:5)
  11 giant newts
  A gnoll skeleton (D:5)
  A goblin zombie (D:5)
  13 jackals
  14 kobolds
  2 kobold zombies
  31 rats
  A rat skeleton (D:4)
247 creatures vanquished.

Vanquished Creatures (others)
  3 drowned souls (Sewer)
  3 plants
6 creatures vanquished.

Grand Total: 253 creatures vanquished

Notes
Turn   | Place    | Note
--------------------------------------------------------------
     0 | D:1      | Herrn, the Troll Earth Elementalist, began the quest for the Orb.
     0 | D:1      | Reached XP level 1. HP: 16/16 MP: 2/2
   227 | D:1      | Reached XP level 2. HP: 22/24 MP: 2/2
   452 | D:1      | Reached skill level 1 in Unarmed Combat
   796 | D:2      | Reached XP level 3. HP: 30/32 MP: 3/3
   799 | D:2      | Noticed Sigmund
  1135 | D:2      | Killed Sigmund
  1135 | D:2      | Reached skill level 1 in Fighting
  1135 | D:2      | Reached skill level 1 in Armour
  1135 | D:2      | Reached XP level 4. HP: 11/41 MP: 1/4
  1630 | D:2      | Found a bloodstained altar of Trog.
  1961 | D:3      | Reached XP level 5. HP: 46/48 MP: 4/4
  2004 | D:3      | Found a glowing silver altar of Zin.
  2148 | D:3      | Paralysed by a giant eyeball for 3 turns
  2208 | D:3      | Paralysed by a giant eyeball for 2 turns
  2701 | D:4      | Found a shadowy altar of Dithmenos.
  2815 | D:4      | Reached XP level 6. HP: 55/57 MP: 6/6
  2933 | D:4      | Reached skill level 3 in Unarmed Combat
  3059 | D:4      | Noticed an ogre
  3069 | D:4      | Killed an ogre
  3319 | D:4      | Noticed an ogre
  3328 | D:4      | Killed an ogre
  3328 | D:4      | Reached XP level 7. HP: 55/66 MP: 8/8
  3388 | D:5      | Entered Level 5 of the Dungeon
  3544 | D:5      | Reached skill level 4 in Unarmed Combat
  3601 | D:5      | Found a glowing drain.
  3637 | Sewer    | Entered a sewer
  3929 | Sewer    | Noticed a drowned soul
  3930 | Sewer    | Noticed a drowned soul
  3932 | Sewer    | Killed a drowned soul
  3933 | Sewer    | Killed a drowned soul
  3934 | Sewer    | Noticed a drowned soul
  3936 | Sewer    | Noticed a drowned soul
  3937 | Sewer    | Killed a drowned soul
  4218 | D:5      | Reached skill level 5 in Unarmed Combat
  4218 | D:5      | Reached XP level 8. HP: 43/75 MP: 9/9
  4226 | D:5      | Gained mutation: You are agile. (Dex +2) [mutagenic meat]
  4227 | D:5      | Gained mutation: You digest meat inefficiently. [mutagenic meat]
  4228 | D:5      | Gained mutation: You are somewhat resistant to further mutation. [mutagenic meat]
  4286 | D:5      | Found an ancient bone altar of Kikubaaqudgha.
  4441 | D:5      | Noticed Prince Ribbit
  4456 | D:5      | HP: 2/75 [Prince Ribbit (12)]
  4457 | D:5      | Killed Prince Ribbit
  5182 | D:6      | Reached skill level 6 in Unarmed Combat
  5571 | D:7      | Noticed wojtek's ghost (experienced KoAs)
  5610 | D:7      | Killed wojtek's ghost
  5610 | D:7      | Reached XP level 9. HP: 33/84 MP: 9/11
  5621 | D:7      | Reached skill level 5 in Dodging
  5621 | D:7      | Reached skill level 7 in Unarmed Combat
  5815 | D:7      | Found Ichatamn's Magic Scroll Emporium.
  5891 | D:7      | Found Vuepip's Book Emporium.
  6017 | D:7      | Lost mutation: You are somewhat resistant to further mutation. [potion of cure mutation]
  6017 | D:7      | Lost mutation: You digest meat inefficiently. [potion of cure mutation]
  6017 | D:7      | Lost mutation: You are agile. (Dex +2) [potion of cure mutation]
  6075 | D:7      | Found Klibbamo's Antique Weapon Boutique.
  6123 | D:7      | Found a staircase to the Ecumenical Temple.
  6133 | Temple   | Entered the Ecumenical Temple
  7021 | D:8      | Reached skill level 8 in Unarmed Combat
  7099 | D:8      | Found a staircase to the Lair.
  7140 | D:8      | Reached skill level 5 in Fighting
  7140 | D:8      | Reached XP level 10. HP: 62/96 MP: 14/14
  7158 | D:8      | Mangled by a yak

Action                   |  1- 3 |  4- 6 |  7- 9 | 10-12 || total
-------------------------+-------+-------+-------+-------++-------
Melee: Unarmed           |    74 |   264 |   538 |    13 ||   889
 Cast: Sandblast         |     2 |     2 |     1 |       ||     5
Evoke: Wand              |       |       |     1 |       ||     1
  Use: Scroll            |       |     4 |     9 |     2 ||    15
       Potion            |       |     1 |    12 |     3 ||    16
 Stab: Sleeping          |     1 |       |       |       ||     1
